 Dungeon Crawl Stone Soup version 0.32-a0-30-gefbe487952 (webtiles) character file.

Game seed: 5362707785797864639

1435 Nick1 the Chopper (level 9, -2/69 HPs)
             Began as a Formicid Fighter on Jan 20, 2024.
             Slain by a gnoll
             ... wielding a +0 whip
             ... led by a gnoll bouda
              (4 damage)
             ... on level 5 of the Dungeon.
             The game lasted 00:30:44 (3734 turns).

Nick1 the Chopper (Formicid Fighter)                Turns: 3734, Time: 00:30:45

Health: -2/69      AC: 12    Str: 24    XL:     9   Next: 3%
Magic:  0/9        EV:  8    Int:  9    God:
Gold:   148        SH:  5    Dex: 13    Spells: 8/8 levels left

rFire   . . .        a - +0 war axe
rCold   . . .        c - +0 buckler
rNeg    . . .        u - +0 chain mail
rPois   .            (helmet unavailable)
rElec   .            E - +0 cloak
rCorr   .            y - +0 pair of gloves
SInv    +            (no boots)
Will    +....        o - amulet of guardian spirit Stlth
                     m - ring of willpower
HPRegen 0.31/turn    (no ring)
MPRegen 0.11/turn

%: guardian spirit
@: no status effects
A: permanent stasis, dig shafts and tunnels, antennae 3, four strong arms
a: Dig, Shaft Self


You were on level 5 of the Dungeon.
You visited 1 branch of the dungeon, and saw 5 of its levels.
You also visited: Sewer.

You collected 148 gold pieces.

Inventory:

Hand Weapons
 a - a +0 war axe (weapon)
 s - a +0 scythe
Missiles
 k - 5 boomerangs (quivered)
 H - 2 throwing nets
Armour
 c - a +0 buckler (worn)
 u - a +0 chain mail (worn)
 y - a +0 pair of gloves (worn)
 E - a +0 cloak (worn)
 F - a +0 troll leather armour {Pargi}
Jewellery
 m - a ring of willpower (left hand)
 o - an amulet of guardian spirit (around neck)
Talismans
 l - a flux talisman
 p - a serpent talisman
Wands
 w - a wand of mindburst (10)
 D - a wand of quicksilver (5)
Scrolls
 b - a scroll of blinking {unknown}
 f - a scroll of poison {unknown}
 g - a scroll of revelation {unknown}
 i - 5 scrolls of fog
 j - 2 scrolls of enchant weapon {unknown}
 r - a scroll of teleportation {unknown}
 v - a scroll of fear {unknown}
 B - a scroll of brand weapon {unknown}
 C - a scroll of torment {unknown}
 I - a scroll of amnesia {unknown}
Potions
 d - a potion of might
 e - a potion of enlightenment
 h - 3 potions of lignification
 n - a potion of ambrosia {unknown}
 q - a potion of heal wounds {unknown}
 t - 3 potions of brilliance
 x - a potion of attraction {unknown}
 z - a potion of curing {unknown}
 A - a potion of berserk rage {unknown}
 G - a potion of degeneration {unknown}


   Skills:
 * Level 5.8 Fighting
 * Level 7.2 Axes
 + Level 0.4 Throwing
 * Level 6.1 Armour
 + Level 1.1 Dodging
 + Level 0.7 Stealth
 * Level 6.5 Shields


You had 8 spell levels left.
You didn't know any spells.
Your spell library was empty.

Dungeon Overview and Level Annotations

Branches:
Dungeon (5/15)              Sewer (visited)
 Temple: D:4-7

Altars:
Ashenzari
Xom


Innate Abilities, Weirdness & Mutations

You cannot be hasted, slowed, berserked, paralysed or teleported.
You can dig through walls and to a lower floor.
You have a pair of large antennae on your head. (SInv)
Your four strong arms can wield two-handed weapons with a shield.


Message History

You hit the gnoll. x2
The gnoll bouda gazes fiercely through you!
You feel as though you will be weak longer.
The gnoll bouda hits you with a +0 whip.
* * * LOW HITPOINT WARNING * * *
You block the gnoll's attack. The gnoll closely misses you.
You hit the gnoll bouda but do no damage.
The gnoll bouda is severely wounded.
You closely miss the gnoll. You hit the gnoll.
The gnoll bouda hits you but does no damage.
The gnoll hits you with a +0 flail.
* * * LOW HITPOINT WARNING * * *
You block the gnoll's attack.
You hit the gnoll bouda.
You kill the gnoll bouda!
You hit the gnoll. You closely miss the gnoll. You block the gnoll's attack.
The gnoll barely misses you.
Unknown command.
You closely miss the gnoll. You slash the gnoll!
You kill the gnoll!
You barely miss the gnoll. The gnoll hits you with a +0 whip!
* * * LOW HITPOINT WARNING * * *
The gnoll barely misses you. The gnoll hits you but does no damage.
Unknown command.
You slash the gnoll!
The gnoll is severely wounded.
You hit the gnoll.
You kill the gnoll!
The gnoll hits you but does no damage.
You barely miss the gnoll.
The gnoll is severely wounded.
You block the gnoll's attack.
You hit the gnoll but do no damage.
The gnoll is severely wounded.
The gnoll hits you but does no damage.
You barely miss the gnoll.
The gnoll is severely wounded.
Your attacks no longer feel as feeble.
The gnoll hits you with a +0 whip.
You die...

# #############.# ######
####.##.............###.....
......................'.....
###.##.###############...~♣
#.# #...#.#~~ #.# #.#.#.~~~
#.# #.#.##~~~ ##'########
#.#...... { #.)..g@...#
#.#####)# ####....))...#
#.#####'# #..).........#
#........ ................#
#........ .#...##.........#
#.....†.. #...[...########
#........ .....#####
#........ ## #........
#........


You could see a gnoll.

Vanquished Creatures
  Sigmund (D:3)
  A water moccasin (D:5)
  Pargi (Sewer)
  A centaur (D:5)
  A phantom (D:4)
  2 kobold brigands (Sewer)
  A scorpion (D:5)
  A howler monkey (D:5)
  3 crimson imps (D:3)
  2 bombardier beetles (D:4)
  A hound (D:5)
  A gnoll bouda (D:5)
  Jessica (D:3)
  Natasha (twice) (D:3)
  3 iguanas
  A sleepcap (D:5)
  An orc wizard (D:4)
  6 adders
  10 gnolls
  A shadow imp (D:5)
  A dart slug (D:1)
  2 ribbon worms (D:3)
  12 orcs
  13 ball pythons
  8 bats
  3 endoplasms
  7 giant cockroaches
  3 goblins (D:1)
  13 hobgoblins
  4 jackals (D:4)
  3 quokkas
  5 frilled lizards
  12 kobolds
  11 rats
138 creatures vanquished.

Notes
Turn   | Place    | Note
-------+----------+-------------------------------------------
     0 | D:1      | Nick1 the Formicid Fighter began the quest for the Orb.
     0 | D:1      | Reached XP level 1. HP: 18/18 MP: 1/1
   124 | D:1      | Reached XP level 2. HP: 18/24 MP: 2/2
   385 | D:1      | Reached XP level 3. HP: 29/29 MP: 3/3
  1358 | D:2      | Reached XP level 4. HP: 36/36 MP: 4/4
  1471 | D:3      | Noticed Sigmund
  1482 | D:3      | Killed Sigmund
  1483 | D:3      | Reached skill level 4 in Axes
  1483 | D:3      | Reached skill level 5 in Shields
  1483 | D:3      | Reached XP level 5. HP: 38/42 MP: 3/5
  1483 | D:3      | Reached XP level 6. HP: 43/48 MP: 3/6
  1525 | D:3      | Found a broken altar of Ashenzari.
  2009 | D:3      | Noticed Jessica
  2014 | D:3      | Killed Jessica
  2135 | D:3      | Found a shimmering altar of Xom.
  2135 | D:3      | Noticed Natasha
  2145 | D:3      | Killed Natasha
  2146 | D:3      | Reached XP level 7. HP: 46/55 MP: 5/7
  2198 | D:3      | Noticed Natasha
  2201 | D:3      | Killed Natasha
  2202 | D:3      | Reached skill level 5 in Axes
  2400 | D:4      | Reached skill level 5 in Armour
  2543 | D:4      | Found a glowing drain.
  2548 | Sewer    | Entered a sewer
  2574 | Sewer    | Reached skill level 6 in Axes
  2574 | Sewer    | Reached XP level 8. HP: 43/61 MP: 5/8
  2651 | Sewer    | Noticed Pargi
  2708 | Sewer    | Killed Pargi
  2709 | Sewer    | Reached skill level 1 in Dodging
  2937 | D:4      | Reached skill level 5 in Fighting
  3371 | D:5      | Entered Level 5 of the Dungeon
  3643 | D:5      | Reached skill level 7 in Axes
  3709 | D:5      | Reached XP level 9. HP: 29/69 MP: 6/9
  3730 | D:5      | HP: 1/69 [gnoll/+0 whip[a gnoll bouda] (5)]
  3734 | D:5      | Slain by a gnoll

Illustrated notes

Levels and vault maps discovered:
D:1:      nagdon_arrival_zigzag_paths, layout_basic, minmay_indecisive_spiral
D:2:      layout_rooms, minmay_misc_feat_encased
D:3:      layout_rooms, mainiacjoe_overflow_24_doors, led_xom_imps,
          minmay_quadrilaterals, uniq_natasha, uniq_jessica, uniq_sigmund
D:4:      layout_loops_ring, portal_sewer_entry_e, minmay_surrounded
D:5:      layout_basic, hex_tiny, serial_bayou_pond_d

Skill      XL: |  1  2  3  4  5  6  7  8 |
---------------+-------------------------+-----
Fighting       | 4 5 |  5.8
Axes           | 4 6 7 |  7.2
Armour         | 4 5 6 |  6.1
Shields        | 5 6 |  6.5
Dodging        | 1 |  1.1
Throwing       | |  0.4
Stealth        | |  0.7

Action                     |  1- 3 |  4- 6 |  7- 9 || total
---------------------------+-------+-------+-------++-------
  Melee: War axe           |    88 |    96 |   275 ||   459
  Throw: Boomerang         |     5 |     6 |       ||    11
Ability: Dig               |       |       |     1 ||     1
    Use: Scroll            |       |       |     4 ||     4
 Armour: Scale mail        |    55 |     9 |       ||    64
         Chain mail        |       |    59 |   297 ||   356
  Dodge: Dodged            |    42 |    42 |   134 ||   218
  Block: Buckler           |    22 |    26 |   103 ||   151

Table legend: (Time is in decaauts)
 A = Elapsed time spent in this place.
 B = Non-inter-level travel time spent in this place.
 C = Inter-level travel time spent in this place.
 D = Time resting spent in this place.
 E = Time spent auto-exploring this place.
 F = Levels seen in this place.
 G = Mean time per level.
                   A        B        C        D        E       F      G
               +--------+--------+--------+--------+--------+-----+--------+
         Total |   3875 |   3737 |    138 |    178 |   2134 |   6 |  645.8 |
       Dungeon |   3625 |   3487 |    138 |    178 |   2134 |   5 |  725.0 |
         Sewer |    250 |    250 |      0 |      0 |      0 |   1 |  250.0 |
               +--------+--------+--------+--------+--------+-----+--------+

Top non-repeatable levels by time:
     D:1: 1117 daAuts
     D:4: 1000 daAuts
     D:3: 935 daAuts
     D:2: 391 daAuts
   Sewer: 250 daAuts
     D:5: 181 daAuts
